 Dungeon Crawl Stone Soup version 0.20-a0-277-g7db01f4 (webtiles) character file.

56 tsouns the Chiller (level 3, -3/24 HPs)
             Began as a Demonspawn Wanderer on Dec 12, 2016.
             Killed by divine providence
             ... invoked by an orc priest
              (12 damage)
             ... on level 3 of the Dungeon.
             The game lasted 00:08:14 (2169 turns).

tsouns the Chiller (Demonspawn Wanderer)            Turns: 2169, Time: 00:08:14

Health: -3/24      AC:  7    Str: 14      XL:     3   Next: 69%
Magic:  1/7        EV: 11    Int: 12 (14) God:
Gold:   202        SH:  0    Dex:  9 (10) Spells: 6/7 levels left

rFire  . . .     SeeInvis .     d - +0 dagger (venom)
rCold  . . .     Gourm    +     e - +1 robe
rNeg   . . .     Faith    .     (no shield)
rPois  .         Spirit   .     k - +0 helmet
rElec  .         Reflect  .     m - +2 cloak
rCorr  .         Harm     .     (no gloves)
MR     .....                    (no boots)
Stlth  ..........               q - amulet of the gourmand
                                (no ring)
                                h - ring of loudness (curse)

@: very slightly contaminated
A: claws 1
a: no special abilities


You were on level 3 of the Dungeon.
You were not hungry.

You visited 1 branch of the dungeon, and saw 3 of its levels.

You collected 202 gold pieces.

Inventory:

Hand Weapons
 a - a +2 dagger
 d - a +0 dagger of venom (weapon)
 j - a +1 hand axe of flaming
Armour
 e - a +1 robe (worn)
 k - a +0 helmet (worn)
 m - a +2 cloak (worn)
Jewellery
 h - a cursed ring of loudness (left claw)
 q - an amulet of the gourmand (around neck)
Scrolls
 b - a scroll of blinking
Potions
 p - a potion of invisibility
 t - a potion of lignification
Books
 c - Sif Muna's Compendium of Poisoning

   Spells                             Type                      Level
   a - Sting                          Conjuration/Poison           1
   b - Mephitic Cloud                 Conjuration/Poison/Air       3
Comestibles
 f - 2 bread rations
 s - a chunk of flesh


   Skills:
 + Level 1.2 Short Blades
 - Level 1.0 Stealth
 - Level 0.1 Unarmed Combat
 + Level 2.6 Spellcasting
 + Level 2.0 Conjurations
   Level 2.6 Transmutations
   Level 2.6 Ice Magic
   Level 1.0 Evocations


You had 6 spell levels left.
You knew the following spells:

 Your Spells              Type           Power        Failure   Level  Hunger
a - Sting                 Conj/Pois      #...         17%         1    #......


Dungeon Overview and Level Annotations

Branches:
Dungeon (3/15)

Altars:


Innate Abilities, Weirdness & Mutations

You have sharp fingernails.


Message History

You hit the orc priest but do no damage.
The orc priest is poisoned.
You hit the orc priest.
The orc priest is moderately wounded.
The orc priest calls down the wrath of Beogh upon you.
You barely resist. You hit the orc priest.
The orc priest looks as sick as possible!
The orc priest is moderately wounded.
The orc priest hits you but does no damage.
You closely miss the orc priest.
The orc priest is heavily wounded.
You hear the slow rusting of a very distant drain.
The orc priest calls down the wrath of Beogh upon you.
Pain shoots through your body!
Ouch! That really hurt!
The orc priest invokes the aid of Beogh against you.
Beogh smites you!
Ouch! That really hurt!
You die...

#.##.#.##
#.###.## #.#
#.# #.# #.#
#.# #.# ####
#)# #.# ...
##.###.###.##.
#.#.o.....)...
##@###..##.##
###
#..##.######
#...........
#####.#####.
.# .# b# .. o#


You could see an orc priest.

Vanquished Creatures
  2 adders (D:2)
  An ooze (D:1)
  A dart slug (D:2)
  A ball python (D:2)
  4 bats
  8 goblins
  5 hobgoblins
  A quokka (D:2)
  5 frilled lizards
  A kobold (D:1)
  2 rats (D:1)
31 creatures vanquished.

Notes
Turn   | Place    | Note
-------+----------+-------------------------------------------
     0 | D:1      | tsouns the Demonspawn Wanderer began the quest for the Orb.
     0 | D:1      | tsouns set off with: a +2 dagger, a scroll of blinking, Sif Muna's Compendium of Poisoning, a potion of curing, a +0 robe, a bread ration
     0 | D:1      | Reached XP level 1. HP: 13/13 MP: 3/3
     0 | D:1      | Identified Sif Muna's Compendium of Poisoning
     2 | D:1      | Learned a level 1 spell: Sting
   436 | D:1      | Reached skill level 1 in Conjurations
   436 | D:1      | Gained mutation: You have sharp fingernails. [demonic ancestry]
   436 | D:1      | Reached XP level 2. HP: 9/19 MP: 5/5
  1398 | D:2      | Reached skill level 1 in Short Blades
  1398 | D:2      | Reached XP level 3. HP: 18/24 MP: 2/6
  2169 | D:3      | Killed from afar by an orc priest

Vault maps used:
D:1:      dpeg_arrival_boxes_within_box
D:2:      minmay_misc_feat_nine_boxes
D:3:      portal_sewer_entry_a

Skill      XL: |  1  2  3 |
---------------+----------+-----
Conjurations   | 1 2 |  2.0
Short Blades   | 1 |  1.2
Stealth        | |  1.0
Unarmed Combat | |  0.1
Spellcasting   | |  2.6
Transmutations | |  2.6
Ice Magic      | |  2.6
Evocations     | |  1.0

Action                   || total
-------------------------++-------
Melee: Dagger            ||    68
 Cast: Sting             ||    76
  Use: Potion            ||     2
       Scroll            ||     9
  Eat: Chunk             ||     6
Armor: Robe              ||    23
Dodge: Dodged            ||    61
